AoeStats
← Convict

Migration

506162862Analyzed
1v1 RM · 20d ago on Sep 12, 2026· 58m 10s· 2 players
Game mode
Random Map
Map size
132×132
Population
200
Speed
Normal
Resources
Standard
Victory
Conquest
Starting age
Dark Age
Ending age
Imperial Age
RankedLock teamsTeams togetherTeam positionsShared explorationLock speedFull tech treeHidden civsTurbo modeCheats
Victory
Defeat
🇺🇸 Malay · United States
572
+14
🇸🇰 Franks · Slovakia
520
-14
Convict
14:08 Feudal Age
12:25 Loom
21:51 Castle Age
20:28 Man-at-Arms
21:24 Forging
21:16 Scale Mail Armor
24:38 Wheelbarrow
25:47 Hand Cart
25:40 Pikeman
26:30 Husbandry
26:49 Long Swordsman
27:15 Gambesons
27:31 Squires
28:46 Iron Casting
28:05 Fletching
31:14 Bodkin Arrow
31:26 Scale Barding Armor
32:19 Ballistics
32:19 Chain Mail Armor
32:41 Murder Holes
32:54 Arson
34:56 Chain Barding Armor
38:45 Imperial Age
37:32 Double-Bit Axe
37:41 Gold Mining
37:42 Stone Mining
39:31 Chivalry
39:52 Conscription
38:57 Cavalier
40:44 Blast Furnace
40:20 Plate Barding Armor
40:27 Plate Mail Armor
40:58 Paladin
45:03 Siege Engineers
49:14 Two-Handed Swordsman
51:23 #83
52:58 Champion
56:00 Halberdier
setsusara
0:39 Loom
15:29 Feudal Age
13:46 Loom
15:44 Double-Bit Axe
21:42 Wheelbarrow
21:02 Fishing Lines
20:55 Man-at-Arms
21:22 Arson
22:45 Fletching
25:47 Town Watch
29:40 Castle Age
27:55 Forging
27:44 Stone Mining
27:45 Gold Mining
30:15 Bodkin Arrow
30:56 Iron Casting
31:19 Hand Cart
31:05 Town Patrol
32:28 Husbandry
33:34 Gold Shaft Mining
33:34 Stone Shaft Mining
33:09 Scale Barding Armor
32:36 Long Swordsman
33:17 Squires
35:45 Thalassocracy
37:08 Murder Holes
37:23 Masonry
37:34 Ballistics
39:44 Gillnets
42:36 Imperial Age
40:53 Bow Saw
42:30 Forced Levy
42:50 Conscription
42:33 Bracer
43:34 Blast Furnace
43:37 Chemistry
42:49 Clinker Construction
42:45 Siege Engineers
42:31 Heated Shot
42:53 Siphons
43:26 Two-Handed Swordsman
45:52 Shipwright
45:53 Carvel Hull
45:14 Treadmill Crane
45:22 Capped Ram
48:03 Pikeman
48:46 Elite Cannon Galleon
49:55 Careening
51:30 Elite Battle Elephant
53:40 Medium Warships
52:52 Demolition Ship
54:28 Halberdier
Connection lost

Rejoining the realm…

Still unreachable

The connection could not be restored.

Session expired

The server has moved on; the page needs a fresh start.